 Dungeon Crawl Stone Soup version 0.28-a0-983-g1de4e0787c (webtiles) character file.

Game seed: 11678817307875920466

9608 Anon1729 the Impaler (level 11, -1/87 HPs)
             Began as a Merfolk Monk on Dec 2, 2021.
             Was a High Priest of Dithmenos.
             Slain by a catoblepas (25 damage)
             ... on level 10 of the Dungeon.
             The game lasted 00:20:53 (14288 turns).

Anon1729 the Impaler (Merfolk Monk)                Turns: 14288, Time: 00:20:53

Health: -1/87      AC: 20    Str: 14    XL:     11   Next: 49%
Magic:  16/16      EV:  7    Int: 10    God:    Dithmenos [*****.]
Gold:   645        SH:  0    Dex: 18    Spells: 10/10 levels left

rFire   . . .      SeeInvis .   d - +1 trident (vamp)
rCold   . . .      Faith    .   (no shield)
rNeg    + + +      Spirit   .   n - +8 plate armour "Seiloc" {Harm Drain rN+++ Will+}
rPois   .          Reflect  .   (no helmet)
rElec   .          Harm     +   L - +0 cloak
rCorr   .          Rampage  .   s - +0 pair of gloves
Will    +....                   (no boots)
Stlth   ..........              (no amulet)
HPRegen 0.24/turn               o - ring of positive energy
MPRegen 0.15/turn               (no ring)

@: wreathed by umbra
A: (nimble swimmer 2), mertail
a: Renounce Religion, Shadow Step, Shadow Form


You were on level 10 of the Dungeon.
You worshipped Dithmenos.
Dithmenos was extremely pleased with you.
You visited 2 branches of the dungeon, and saw 11 of its levels.
You also visited: Sewer and Ossuary.

You collected 677 gold pieces.
You spent 32 gold pieces at shops.

Inventory:

Hand Weapons
 a - a +0 spear
 d - a +1 vampiric trident (weapon)
Missiles
 u - 6 atropa-tipped darts
 H - 39 poisoned darts (quivered)
Armour
 b - a +0 robe
 f - a +0 leather armour
 n - the +8 plate armour "Seiloc" (worn) {Harm Drain rN+++ Will+}
   (You found it in a sewer)

   rN:        It renders you almost immune to negative energy.
   Drain:     It drains your maximum health when unequipped.
   Harm:      It increases damage dealt and taken.
   Will:      It increases your willpower.
 s - a +0 pair of gloves (worn)
 L - a +0 cloak (worn)
 N - a scarf of harm
Jewellery
 o - a ring of positive energy (left hand)
 R - an amulet of reflection
Wands
 G - a wand of digging (7)
 I - a wand of charming (13)
 K - a wand of iceblast (10)
 M - a wand of flame (23)
 O - a wand of polymorph (9)
 S - a wand of paralysis (1)
Scrolls
 e - 9 scrolls of teleportation
 g - 2 scrolls of brand weapon
 h - 3 scrolls of fog
 i - a scroll of noise
 r - a scroll of silence
 v - a scroll of fear {unknown}
 w - a scroll of holy word {unknown}
 y - 4 scrolls of amnesia {unknown}
 B - 2 scrolls of magic mapping {unknown}
 C - 5 scrolls of immolation
 E - 2 scrolls of enchant weapon
 J - 2 scrolls of enchant armour
 P - 3 scrolls of identify
Potions
 c - a potion of haste {unknown}
 j - 2 potions of lignification
 k - a potion of magic {unknown}
 l - 2 potions of invisibility {unknown}
 m - a potion of attraction
 p - 4 potions of degeneration {unknown}
 q - a potion of might {unknown}
 t - a potion of brilliance {unknown}
 x - 3 potions of berserk rage {unknown}
 z - 5 potions of curing {unknown}
 A - 4 potions of ambrosia
 D - 4 potions of heal wounds
 F - a potion of cancellation {unknown}
 Q - a potion of flight {unknown}


   Skills:
 + Level 8.9 Fighting
 * Level 15.1 Polearms
 + Level 10.3 Dodging
 + Level 9.0 Stealth
 + Level 7.3 Invocations


You had 10 spell levels left.
You didn't know any spells.
Your spell library contained the following spells:

 Spells                   Type           Power      Damage    Failure   Level
 Sublimation of Blood     Necr           0%         N/A       100%        2
 Call Canine Familiar     Summ           0%         N/A       100%        3
 Mephitic Cloud           Conj/Pois/Air  0%         N/A       100%        3
 Portal Projectile        Hex/Tloc       0%         N/A       100%        3
 Leda's Liquefaction      Hex/Erth       0%         N/A       100%        4
 Olgreb's Toxic Radiance  Pois           0%         N/A       100%        4
 Petrify                  Tmut/Erth      0%         N/A       100%        4
 Irradiate                Conj/Tmut      0%         3d14      100%        5
 Statue Form              Tmut/Erth      0%         N/A       100%        6


Dungeon Overview and Level Annotations

Branches:
Dungeon (10/15)            Temple (1/1) D:4            Lair (0/6) D:8
    Orc (0/2) D:9           Sewer (visited)         Ossuary (visited)

Altars:
Dithmenos
Qazlal

Shops:
D:8 *   D:9 =(

Annotations:
D:9 3 runed translucent doors, tstbtto's ghost, novice DjBe


Innate Abilities, Weirdness & Mutations

((You are quick and stealthy near water. (Stealth+, EV+, Speed+++)))
Your lower body shifts to a powerful aquatic tail in water.


Message History

You hit the catoblepas.
The catoblepas is heavily wounded.
The catoblepas completely misses you.
You hit the catoblepas.
The catoblepas is heavily wounded.
You puncture the catoblepas!
The catoblepas is heavily wounded.
The catoblepas breathes a plume of calcifying dust at you.
The blast of calcifying dust hits you but does no damage.
The catoblepas gores you!!
You emit a cloud of dark smoke.
You hit the catoblepas but do no damage.
The catoblepas is heavily wounded.
Your shadow hits the catoblepas but does no damage.
You puncture the catoblepas!
You feel better.
The catoblepas is severely wounded.
Your shadow hits the catoblepas but does no damage.
The catoblepas gores you!
You are too injured to fight recklessly!
You are too injured to fight recklessly!
You hit the catoblepas but do no damage.
The catoblepas is severely wounded.
The catoblepas gores you!
* * * LOW HITPOINT WARNING * * *
You hit the catoblepas but do no damage.
The catoblepas is severely wounded.
You hit the catoblepas but do no damage.
The catoblepas is severely wounded.
The catoblepas gores you but does no damage.
You hit the catoblepas.
You feel better.
The catoblepas is severely wounded.
You hit the catoblepas but do no damage.
The catoblepas is severely wounded.
The catoblepas breathes a plume of calcifying dust at you.
The blast of calcifying dust hits you.
* * * LOW HITPOINT WARNING * * *
You hit the catoblepas but do no damage.
The catoblepas is severely wounded.
Your shadow hits the catoblepas but does no damage.
The catoblepas gores you!!
You die...

........# #....# #.# ###
#######.####....##########.####..
...........'....'................
.##.....####....########.#.####.#
.##.....#####........# #.#.#....#
.....................# #.#.......
.##.....#####.§§§§§..###.#.......
..#####.......§§§Y§###...........
...###########§§@§§.##.#.#.......
#.##...# .....§§§.#.##.#.#.......
###≈H..# ########§#.##.#.#.......
≈.≈..≈.# #.#..#.#.#.......
.....≈# #.##.#.#.######.#
≈≈≈.≈##.. #§##.#.#.# #.#
≈<≈...... #.##.#...# ##.#
≈≈≈.≈##.# #.....##.#####...
.....≈# #####.##.....'...


You could see a catoblepas.

Vanquished Creatures
  A two-headed ogre (D:8)
  Psyche (D:9)
  A komodo dragon (D:10)
  A kobold demonologist (D:10)
  3 trolls
  9 yaks
  A wyvern (D:8)
  Grum (D:8)
  An acid dragon (D:9)
  2 water moccasins (D:8)
  Pargi (Sewer)
  5 orc warriors
  2 necrophages
  A black bear (D:5)
  3 ogres
  5 wolves (D:8)
  3 centaurs
  A kobold brigand (D:7)
  A bullfrog (D:7)
  A gnoll sergeant (D:4)
  13 scorpions
  A water moccasin zombie (D:5)
  A water moccasin skeleton (D:5)
  6 killer bees (D:7)
  6 electric eels (D:8)
  A howler monkey (D:10)
  3 human zombies (Ossuary)
  5 centaur zombies
  9 hounds
  5 jellies (D:6)
  A gnoll shaman (D:4)
  4 orc priests
  2 centaur skeletons
  7 iguanas
  Jessica (D:3)
  7 scorpion zombies
  4 orc wizards
  A killer bee zombie (D:8)
  A hound skeleton (D:4)
  3 mummies (Ossuary)
  2 howler monkey skeletons (D:6)
  13 gnolls
  9 adders
  A shadow imp (D:6)
  A white imp (D:5)
  A worm (D:3)
  3 dart slugs
  22 orcs
  6 bats
  4 endoplasms
  3 giant cockroaches
  11 goblins
  10 hobgoblins
  4 quokkas
  4 ball pythons
  4 frilled lizards
  2 gnoll zombies (Ossuary)
  4 goblin zombies (Ossuary)
  3 hobgoblin zombies (Ossuary)
  16 kobolds
  2 orc zombies (Ossuary)
  5 rats (D:1)
255 creatures vanquished.

Vanquished Creatures (others)
  31 plants
31 creatures vanquished.

Grand Total: 286 creatures vanquished

Notes
Turn   | Place    | Note
-------+----------+-------------------------------------------
     0 | D:1      | Anon1729 the Merfolk Monk began the quest for the Orb.
     0 | D:1      | Reached XP level 1. HP: 18/18 MP: 1/1
   187 | D:1      | Reached XP level 2. HP: 20/24 MP: 2/2
   524 | D:1      | Reached skill level 5 in Polearms
   568 | D:1      | Reached XP level 3. HP: 29/29 MP: 3/3
   674 | D:1      | Found a faded altar of an unknown god.
   685 | D:1      | Prayed at the altar of an unknown god.
   685 | D:1      | Became a worshipper of Dithmenos the Shadowed
   685 | D:1      | Reached * piety under Dithmenos
   685 | D:1      | Reached ** piety under Dithmenos
   870 | D:1      | Reached *** piety under Dithmenos
  1095 | D:2      | Noticed a necrophage
  1786 | D:3      | Found a glowing drain.
  1795 | Sewer    | Entered a sewer
  1821 | Sewer    | Reached XP level 4. HP: 23/33 MP: 4/4
  1993 | Sewer    | Noticed Pargi
  2087 | Sewer    | Killed Pargi
  2088 | Sewer    | Reached skill level 6 in Polearms
  2088 | Sewer    | Reached skill level 5 in Dodging
  2088 | Sewer    | Reached XP level 5. HP: 15/42 MP: 5/5
  2306 | Sewer    | Identified the +8 plate armour "Seiloc" {Harm Drain rN+++
                  | Will+}
  2807 | D:3      | Found a stormy altar of Qazlal.
  2919 | D:3      | Noticed Jessica
  2933 | D:3      | Killed Jessica
  2934 | D:3      | Reached XP level 6. HP: 47/49 MP: 6/6
  3098 | D:3      | Got the Incunabulum of Nocuous Clay
  3203 | D:3      | Reached skill level 7 in Polearms
  3872 | D:2      | Reached **** piety under Dithmenos
  4262 | D:1      | Killed a necrophage
  4263 | D:1      | Reached skill level 1 in Invocations
  4507 | D:4      | Found a staircase to the Ecumenical Temple.
  4573 | D:4      | Reached XP level 7. HP: 42/55 MP: 7/7
  4788 | D:4      | Found a sand-covered staircase.
  4840 | Ossuary  | Entered an ossuary
  4987 | Ossuary  | Reached skill level 8 in Polearms
  5016 | Ossuary  | Reached skill level 5 in Fighting
  5434 | Ossuary  | Reached XP level 8. HP: 62/62 MP: 9/9
  5470 | Ossuary  | Reached skill level 9 in Polearms
  5470 | Ossuary  | Reached skill level 5 in Stealth
  6397 | Ossuary  | Reached skill level 10 in Polearms
  6819 | D:5      | Entered Level 5 of the Dungeon
  6827 | D:5      | Reached ***** piety under Dithmenos
  6884 | D:4      | Reached XP level 9. HP: 66/69 MP: 11/11
  7232 | Temple   | Entered the Ecumenical Temple
  8316 | D:5      | Reached skill level 11 in Polearms
  8928 | D:5      | Reached skill level 5 in Invocations
  8950 | D:5      | Reached skill level 12 in Polearms
  9295 | D:6      | Reached XP level 10. HP: 79/79 MP: 13/13
 10901 | D:8      | Reached skill level 13 in Polearms
 11022 | D:8      | Noticed Grum
 11054 | D:8      | Killed Grum
 11114 | D:8      | Found a staircase to the Lair.
 11133 | D:8      | Noticed a two-headed ogre
 11204 | D:8      | Killed a two-headed ogre
 11409 | D:8      | Found Soghukh's Assorted Antiques.
 11418 | D:8      | Bought a murky inky potion for 32 gold pieces
 11450 | D:8      | Reached skill level 14 in Polearms
 11788 | D:9      | Reached XP level 11. HP: 30/87 MP: 14/16
 12137 | D:9      | Found a staircase to the Orcish Mines.
 12206 | D:9      | Found Ymuheps's Weapon Shop.
 12537 | D:9      | Reached skill level 10 in Dodging
 12690 | D:9      | Noticed Psyche
 12692 | D:9      | Found Qatonul's Jewellery Shoppe.
 12700 | D:9      | Killed Psyche
 13177 | D:9      | Noticed tstbtto's ghost (novice DjBe)
 13178 | D:9      | Found a runed translucent gate.
 13179 | D:9      | Found a runed translucent gate.
 13179 | D:9      | Found a runed translucent gate.
 13229 | D:10     | Entered Level 10 of the Dungeon
 13776 | D:10     | Reached skill level 15 in Polearms
 13839 | D:10     | Noticed a catoblepas
 13848 | D:10     | Noticed a manticore
 14288 | D:10     | Slain by a catoblepas

Illustrated notes

Levels and vault maps discovered:
D:1:      evilmike_arrival_home_sweet_home, layout_loops_ring,
          hellmonk_ecumenical_altar_prayer_group, corexii_corridor_pit,
          minmay_heptomino_o4
D:2:      layout_basic, guppyfry_early_lair_pool
D:3:      layout_loops_corners, grunt_qazlal_sundering,
          cheibrodos_sewer_entry_sluice, minmay_misc_feat_chi, uniq_jessica
D:4:      layout_rooms, minmay_temple_entry_statues_pillars,
          nicolae_ossuary_entry_false_entrances
D:5:      layout_rooms, grunt_decor_junction
D:6:      cheibrodos_helix_gallery, layout_loops_ring, minivault_27
D:7:      layout_basic
D:8:      cheibrodos_quashed, layout_rooms, erik_lair_island, serial_shops,
          shop, serial_bayou, serial_bayou_crossing, serial_bayou_shore_a,
          serial_bayou_pond_c, serial_bayou_shore_b, serial_bayou_pond_e,
          serial_bayou_pond_c, uniq_grum
D:9:      layout_loops_ring, orc_david_3, serial_shops, shop,
          gammafunk_ghost_nasty_kobolds, uniq_psyche
D:10:     nzn_motion_control, layout_basic
Temple:   mainiacjoe_temple_trianglar_array

Skill      XL: |  1  2  3  4  5  6  7  8  9 10 11 |
---------------+----------------------------------+-----
Polearms       | 5 6 7 8 10 12 14 15 | 15.1
Stealth        | 3 4 5 7 8 9 |  9.0
Fighting       | 4 5 6 7 8 |  8.9
Dodging        | 5 6 7 8 9 10 | 10.3
Invocations    | 1 2 3 5 6 7 |  7.3

Action                   |  1- 3 |  4- 6 |  7- 9 | 10-12 || total
-------------------------+-------+-------+-------+-------++-------
Melee: Spear             |   162 |   295 |   498 |       ||   955
       Tailslap          |     2 |     7 |       |     6 ||    15
       Trident           |       |       |   153 |   481 ||   634
Throw: Dart              |       |       |    53 |       ||    53
Evoke: Wand              |       |       |       |     8 ||     8
  Use: Potion            |       |       |     2 |       ||     2
       Scroll            |       |       |     6 |     4 ||    10
 Stab: Sleeping          |     7 |    15 |       |       ||    22
       Distracted        |       |     1 |       |       ||     1
       Invisible         |       |       |     3 |       ||     3
Armor: Leather armour    |    11 |    22 |       |       ||    33
       Plate armour      |       |    26 |   408 |   212 ||   646
Dodge: Dodged            |    86 |   161 |    94 |    87 ||   428

Table legend: (Time is in decaauts)
 A = Elapsed time spent in this place.
 B = Non-inter-level travel time spent in this place.
 C = Inter-level travel time spent in this place.
 D = Time resting spent in this place.
 E = Time spent auto-exploring this place.
 F = Levels seen in this place.
 G = Mean time per level.
                   A        B        C        D        E       F      G
               +--------+--------+--------+--------+--------+-----+--------+
         Total |  13756 |  13317 |    439 |   2226 |   8390 |  13 | 1058.2 |
       Dungeon |  11296 |  10857 |    439 |   1045 |   7631 |  10 | 1129.6 |
        Temple |    368 |    368 |      0 |    360 |      0 |   1 |  368.0 |
         Sewer |    516 |    516 |      0 |    195 |    195 |   1 |  516.0 |
       Ossuary |   1575 |   1575 |      0 |    626 |    564 |   1 | 1575.0 |
               +--------+--------+--------+--------+--------+-----+--------+

Top non-repeatable levels by time:
 Ossuary: 1575 daAuts
     D:9: 1570 daAuts
     D:1: 1380 daAuts
     D:4: 1295 daAuts
     D:7: 1258 daAuts
     D:3: 1252 daAuts
     D:2: 1242 daAuts
     D:5: 1103 daAuts
    D:10: 890 daAuts
     D:8: 771 daAuts
     D:6: 531 daAuts
   Sewer: 516 daAuts
  Temple: 368 daAuts
